 Dungeon Crawl Stone Soup version 0.27-a0-597-g524d869a0f (webtiles) character file.

Game seed: 10371134404890574173

9267 robertstho the Cleaver (level 11, -7/102 HPs)
             Began as a Minotaur Berserker on Mar 11, 2021.
             Was a High Priest of Trog.
             Mangled by a skeletal warrior
             ... wielding a +2 glaive of venom
             ... led by a skeletal warrior
              (15 damage)
             ... on level 10 of the Dungeon.
             The game lasted 00:14:02 (10816 turns).

robertstho the Cleaver (Minotaur Berserker)        Turns: 10816, Time: 00:14:03

Health: -7/102     AC: 19    Str: 24    XL:     11   Next: 20%
Magic:  10/10      EV:  9    Int:  5    God:    Trog [*****.]
Gold:   842        SH:  0    Dex: 10    Spells: 10/10 levels left

rFire    + . .     SeeInvis .   I - +7 battleaxe (vorpal)
rCold    x . .     Faith    .   (shield currently unavailable)
rNeg     . . .     Spirit   .   a - +0 plate armour
rPois    .         Reflect  .   (helmet restricted)
rElec    .         Harm     .   (no cloak)
rCorr    +         Rampage  .   n - +2 pair of gloves
Will     .....                  C - +0 pair of boots {Stlth+}
Stlth    ..........             (no amulet)
HPRegen  0.27/turn              E - ring of fire
MPRegen  0.12/turn              B - ring of resist corrosion

@: berserk cooldown, slowed, very slow
A: horns 2, retaliatory headbutt
a: Renounce Religion, Berserk, Trog's Hand, Brothers in Arms


You were on level 10 of the Dungeon.
You worshipped Trog.
Trog was extremely pleased with you.
You visited 1 branch of the dungeon, and saw 10 of its levels.
You also visited: Ossuary.

You collected 842 gold pieces.

Inventory:

Hand Weapons
 u - a +3 broad axe of freezing
 x - the +9 rapier "Bickebb" {holy, +Blink rF+ rC+}
   (You found it on level 4 of the Dungeon)

   It has been blessed by the Shining One to cause great damage to the undead
   and demons.
   It protects you from fire.
   It protects you from cold.
   It lets you blink.
 I - a +7 vorpal battleaxe (weapon)
Armour
 a - a +0 plate armour (worn)
 n - a +2 pair of gloves (worn)
 z - the +0 buckler "Neef" {MP+9 Str+3}
   (You found it on level 5 of the Dungeon)

   It affects your strength (+3).
   It affects your magic capacity (+9).
 C - a +0 pair of boots of stealth (worn)
Jewellery
 o - a ring of willpower
 B - a ring of resist corrosion (left hand)
 E - a ring of fire (right hand)
Wands
 b - a wand of iceblast (5)
 A - a wand of flame (35)
 D - a wand of polymorph (6)
 G - a wand of paralysis (9)
 H - a wand of mindburst (14)
Scrolls
 d - 3 scrolls of immolation {unknown}
 f - 7 scrolls of teleportation
 j - 4 scrolls of fog {unknown}
 l - 3 scrolls of enchant weapon
 m - 2 scrolls of enchant armour
 s - a scroll of torment {unknown}
 t - a scroll of summoning
 v - 2 scrolls of magic mapping
 y - a scroll of holy word {unknown}
 F - a scroll of blinking {unknown}
Potions
 c - 3 potions of cancellation
 e - a potion of mutation {unknown}
 g - 2 potions of flight
 h - 2 potions of berserk rage
 i - 2 potions of invisibility
 k - a potion of magic
 p - 5 potions of lignification
 q - 5 potions of curing
 r - 2 potions of brilliance
 w - 2 potions of haste


   Skills:
 * Level 11.3 Fighting
 + Level 11.5 Axes
 * Level 10.5 Armour
 * Level 8.1 Dodging
 + Level 2.3 Stealth
 + Level 2.4 Shields


You had 10 spell levels left.
You didn't know any spells.
Your spell library was empty.

Dungeon Overview and Level Annotations

Branches:
Dungeon (10/15)            Temple (0/1) D:6            Lair (0/6) D:8
Ossuary (visited)
    Orc: D:9-12

Altars:
Dithmenos
Elyvilon
Fedhas
Kikubaaqudgha
Makhleb
Nemelex Xobeh
Okawaru
Wu Jian
Jiyva

Shops:
D:5 (   D:6 [

Annotations:
D:3 1 runed translucent door
D:4 exclusion: oklob plant


Innate Abilities, Weirdness & Mutations

You have a pair of horns on your head.
You reflexively headbutt those who attack you in melee.


Message History

* * * LOW HITPOINT WARNING * * *
Your plate armour prevents you from hitting the skeletal warrior.
You headbutt the skeletal warrior.
The skeletal warrior is severely damaged.
You feel sick.
The skeletal warrior hits you from afar with a +2 glaive of venom!
* * * LOW HITPOINT WARNING * * *
You are more poisoned.
You slash the skeletal warrior!
You destroy the skeletal warrior!
Trog accepts your kill.
* * * LOW HITPOINT WARNING * * *
You feel very sick.
* * * LOW HITPOINT WARNING * * *
You feel very sick.
The skeletal warrior closely misses you.
You slash the skeletal warrior!
Your headbutt misses the skeletal warrior.
The skeletal warrior is lightly damaged.
* * * LOW HITPOINT WARNING * * *
You feel very sick.
You hit the skeletal warrior but do no damage.
You headbutt the skeletal warrior, but do no damage.
The skeletal warrior is lightly damaged.
* * * LOW HITPOINT WARNING * * *
You feel sick.
The skeletal warrior hits you with a +2 glaive of venom!
* * * LOW HITPOINT WARNING * * *
You are more poisoned.
You slice the skeletal warrior!!
You headbutt the skeletal warrior, but do no damage.
The skeletal warrior is heavily damaged.
You are no longer berserk.
You are exhausted.
You feel yourself slow down.
* * * LOW HITPOINT WARNING * * *
You feel very sick.
You feel better.
The skeletal warrior hits you with a +2 glaive of venom!
You die...

............#
............#
............##
.............
#..........
#........##############
#.....z..#.............
#.....@))#.............
#........#.............
#......))#.............
#........'....#######'#
..........######.......#
................)...>...
.................)......
.........)).............
..###..)...............


You could see a skeletal warrior.

Vanquished Creatures
  The ghost of coolguy69 the Cleaver, a novice HOMo of Makhleb (D:8)
  2 skeletal warriors (D:10)
  An orc knight (D:10)
  A komodo dragon (D:8)
  Prince Ribbit (D:8)
  3 slime creatures (D:8)
  A yak (D:9)
  The ghost of TwistedFlax the Cudgeller, an amateur GrFi (D:3)
  A water moccasin (D:9)
  4 orc warriors
  3 black bears
  3 ice beasts
  A sky beast (D:4)
  7 ogres
  4 centaurs
  2 phantoms
  4 kobold brigands
  Blork the orc (D:5)
  8 bullfrogs
  5 scorpions
  17 wights
  2 howler monkeys
  2 centaur zombies
  2 bullfrog zombies
  2 quasits
  2 hounds
  5 jellies
  5 bullfrog skeletons
  3 orc priests
  3 centaur skeletons
  2 iguanas
  10 orc wizards
  6 worker ants
  A hound zombie (D:6)
  2 hound skeletons
  8 mummies (Ossuary)
  2 worker ant zombies
  7 gnolls
  14 adders
  3 ufetubi
  An ooze (D:4)
  3 adder skeletons
  3 worms
  A dart slug (D:4)
  5 leopard geckos
  21 orcs
  7 giant cockroaches
  A gnoll zombie (Ossuary)
  9 goblins
  11 hobgoblins
  4 jackals (D:5)
  26 kobolds
  4 quokkas
  2 ball pythons (D:3)
  7 bats
  2 frilled lizards
  2 jackal skeletons
  A jackal zombie (D:7)
  3 kobold zombies (Ossuary)
  4 orc zombies (Ossuary)
  A quokka zombie (D:7)
  5 rats
275 creatures vanquished.

Vanquished Creatures (collateral kills)
  A troll (D:10)
  A soldier ant (D:10)
  A wight (D:10)
  A white imp (D:8)
  4 orcs (D:10)
8 creatures vanquished.

Vanquished Creatures (others)
  7 fungi
  7 plants (D:8)
14 creatures vanquished.

Grand Total: 297 creatures vanquished

Notes
Turn   | Place    | Note
-------+----------+-------------------------------------------
     0 | D:1      | robertstho the Minotaur Berserker began the quest for the
                  | Orb.
     0 | D:1      | Reached XP level 1. HP: 19/19 MP: 0/0
   459 | D:1      | Reached XP level 2. HP: 27/27 MP: 1/1
  1033 | D:2      | Reached ** piety under Trog
  1034 | D:2      | Reached XP level 3. HP: 30/33 MP: 2/2
  1506 | D:2      | Found a shadowy altar of Dithmenos.
  1508 | D:2      | Found an ancient bone altar of Kikubaaqudgha.
  1714 | D:2      | Reached XP level 4. HP: 38/41 MP: 3/3
  1718 | D:2      | Reached skill level 5 in Fighting
  2337 | D:3      | Found a runed translucent door.
  2638 | D:3      | Found a runed translucent door.
  2638 | D:3      | Noticed a bullfrog
  2639 | D:3      | Noticed TwistedFlax's ghost (amateur GrFi)
  3131 | D:3      | Killed a bullfrog
  3132 | D:3      | Reached XP level 5. HP: 48/48 MP: 4/4
  3211 | D:3      | Killed TwistedFlax's ghost
  3212 | D:3      | Reached skill level 5 in Axes
  3212 | D:3      | Reached XP level 6. HP: 57/57 MP: 5/5
  3468 | D:4      | Reached skill level 1 in Stealth
  3499 | D:4      | Reached XP level 7. HP: 41/64 MP: 6/6
  3782 | D:4      | Found a sand-covered staircase.
  3791 | Ossuary  | Entered an ossuary
  3834 | Ossuary  | Reached *** piety under Trog
  4055 | Ossuary  | Reached skill level 5 in Dodging
  4617 | D:4      | Found a blossoming altar of Fedhas.
  4632 | D:4      | Noticed an oklob plant
  4732 | D:4      | Found an ornate altar of the Wu Jian Council.
  4883 | D:4      | Reached skill level 5 in Armour
  4883 | D:4      | Reached XP level 8. HP: 73/73 MP: 7/7
  5344 | D:4      | Identified the +9 rapier "Bickebb" {holy, +Blink rF+ rC+}
  5566 | D:5      | Entered Level 5 of the Dungeon
  5617 | D:5      | Found Doedd's Antique Weapon Shop.
  5977 | D:5      | Identified the +0 buckler "Neef" {MP+9 Str+3}
  6057 | D:5      | Reached **** piety under Trog
  6117 | D:5      | Noticed Blork the orc
  6134 | D:5      | Killed Blork the orc
  6450 | D:5      | Found an iron altar of Okawaru.
  6555 | D:6      | Reached XP level 9. HP: 55/82 MP: 8/8
  7146 | D:6      | Found Pyduebin's Antique Armour Emporium.
  7243 | D:6      | Found a staircase to the Ecumenical Temple.
  7308 | D:6      | Found a sparkling altar of Nemelex Xobeh.
  7563 | D:7      | Reached skill level 1 in Shields
  7788 | D:7      | Identified the +2 leather armour "Kobiug" {Regen+ Dex+3}
  7834 | D:7      | Found a burning altar of Makhleb.
  7838 | D:7      | Found a white marble altar of Elyvilon.
  8095 | D:7      | Noticed a blizzard demon
  8099 | D:7      | Noticed a hellwing
  8099 | D:7      | Noticed a smoke demon
  8261 | D:8      | Noticed a komodo dragon
  8270 | D:8      | Reached skill level 10 in Axes
  8274 | D:8      | Killed a komodo dragon
  8282 | D:8      | Reached ***** piety under Trog
  8477 | D:8      | Found a staircase to the Lair.
  8493 | D:8      | Reached XP level 10. HP: 56/92 MP: 9/9
  8660 | D:8      | Found a runed translucent gate.
  8660 | D:8      | Found a runed translucent gate.
  8661 | D:8      | Found a runed translucent gate.
  8665 | D:8      | Noticed coolguy69's ghost (novice HOMo)
  8667 | D:8      | Found a viscous altar of Jiyva.
  8950 | D:8      | Noticed Prince Ribbit
  8979 | D:8      | Killed Prince Ribbit
  9368 | D:8      | Reached skill level 10 in Fighting
  9384 | D:8      | Killed coolguy69's ghost
 10078 | D:10     | Entered Level 10 of the Dungeon
 10091 | D:9      | Reached skill level 10 in Armour
 10248 | D:10     | Noticed a skeletal warrior
 10249 | D:10     | Noticed a skeletal warrior
 10249 | D:10     | Noticed a skeletal warrior
 10270 | D:10     | Received a gift from Trog
 10531 | D:10     | Noticed an orc knight
 10544 | D:10     | Killed an orc knight
 10545 | D:10     | Reached XP level 11. HP: 89/101 MP: 10/10
 10802 | D:10     | Killed a skeletal warrior
 10811 | D:10     | Killed a skeletal warrior
 10815 | D:10     | HP: 2/102 [poisoned by a skeletal warrior]
 10816 | D:10     | Mangled by a skeletal warrior

Illustrated notes

Levels and vault maps discovered:
D:1:      amcnicky_arrival_blooded_trapdoor, layout_basic
D:2:      layout_basic, chequers_temple_overflow_statue_of_worship
D:3:      layout_basic, ebering_ghost_sewer_f, minmay_cupped
D:4:      layout_basic, marbit_many_paths, nicolae_ossuary_entry_monument,
          tgw_fedhas
D:5:      layout_rooms, general_overflow_altar, serial_shops, shop_fountains,
          uniq_blork_the_orc
D:6:      layout_basic, temple_hall, serial_shops, shop, grunt_ministairs_7,
          nemelex_xobeh_ov_fountains_minmay
D:7:      layout_rooms, nicolae_elyvilon_peaceful_grove,
          makhleb_altar_promises_db, minivault_25
D:8:      layout_rooms, grunt_lair_entry_orc_guard_hut, gammafunk_ghost_ooze,
          uniq_prince_ribbit1
D:9:      layout_roguey, kennysheep_generic_room_3
D:10:     layout_irregular_city, david_orc_5, skrybe_limestone_x, st_stairs_5

Skill      XL: |  1  2  3  4  5  6  7  8  9 10 11 |
---------------+----------------------------------+-----
Armour         | 3 4 5 6 8 10 | 10.5
Fighting       | 4 5 6 7 8 9 10 11 | 11.3
Axes           | 4 5 6 8 10 11 | 11.5
Dodging        | 3 4 5 6 7 8 |  8.1
Stealth        | 1 2 |  2.3
Shields        | 1 2 |  2.4

Action                   |  1- 3 |  4- 6 |  7- 9 | 10-12 || total
-------------------------+-------+-------+-------+-------++-------
Melee: Hand axe          |    72 |   100 |   363 |   163 ||   698
       Headbutt          |    10 |    20 |    89 |    48 ||   167
       Battleaxe         |       |       |       |    53 ||    53
Invok: Berserk           |     2 |     4 |     7 |     7 ||    20
       Trog's Hand       |     1 |     1 |       |     3 ||     5
       Brothers in Arms  |       |       |       |     2 ||     2
Evoke: Wand              |       |       |       |     1 ||     1
  Use: Scroll            |       |     7 |    10 |     2 ||    19
       Potion            |       |       |       |     4 ||     4
 Stab: Sleeping          |       |     1 |     1 |       ||     2
Armor: Animal skin       |     7 |    25 |    14 |       ||    46
       Chain mail        |       |       |   128 |    80 ||   208
       Plate armour      |       |       |       |    17 ||    17
Dodge: Dodged            |    59 |    53 |   179 |   103 ||   394
Block: Buckler           |       |       |    35 |    16 ||    51

Table legend: (Time is in decaauts)
 A = Elapsed time spent in this place.
 B = Non-inter-level travel time spent in this place.
 C = Inter-level travel time spent in this place.
 D = Time resting spent in this place.
 E = Time spent auto-exploring this place.
 F = Levels seen in this place.
 G = Mean time per level.
                   A        B        C        D        E       F      G
               +--------+--------+--------+--------+--------+-----+--------+
         Total |  10971 |  10556 |    415 |    720 |   8101 |  11 |  997.4 |
       Dungeon |  10558 |  10143 |    415 |    549 |   7978 |  10 | 1055.8 |
       Ossuary |    412 |    412 |      0 |    170 |    123 |   1 |  412.0 |
               +--------+--------+--------+--------+--------+-----+--------+

Top non-repeatable levels by time:
     D:4: 1752 daAuts
     D:3: 1239 daAuts
     D:2: 1235 daAuts
     D:8: 1183 daAuts
     D:1: 1044 daAuts
     D:6: 1007 daAuts
     D:5: 987 daAuts
     D:7: 804 daAuts
    D:10: 704 daAuts
     D:9: 599 daAuts
 Ossuary: 412 daAuts
